 Dungeon Crawl Stone Soup version 0.26.1-11-gd32895ea62 (webtiles) character file.

Game seed: 13139326031488992856

452 hawla the Conjurer (level 6, -1/34 HPs)
             Began as a Deep Elf Conjurer on May 16, 2021.
             Shot with an arrow by a centaur (7 damage)
             ... on level 5 of the Dungeon.
             The game lasted 00:10:56 (4909 turns).

hawla the Conjurer (Deep Elf Conjurer)              Turns: 4909, Time: 00:10:57

Health: -1/34      AC:  1    Str:  4    XL:     6   Next: 75%
Magic:  12/14      EV: 13    Int: 27    God:
Gold:   172        SH:  0    Dex: 13    Spells: 4/13 levels left

rFire    + . .     SeeInvis .   f - +3 whip (flame)
rCold    + . .     Faith    .   (no shield)
rNeg     . . .     Spirit   .   a - +0 robe
rPois    .         Reflect  .   (no helmet)
rElec    .         Harm     .   h - scarf {rC+ rF+}
rCorr    .         Rampage  .   (no gloves)
Will     +....                  (no boots)
Stlth    ++........             (no amulet)
HPRegen  0.11/turn              (no ring)
MPRegen  0.14/turn              (no ring)

@: no status effects
A: talons 1, clever 1, deformed body, strong-willed 1
a: no special abilities


You were on level 5 of the Dungeon.
You visited 1 branch of the dungeon, and saw 5 of its levels.

You collected 276 gold pieces.
You spent 104 gold pieces at shops.

Inventory:

Hand Weapons
 f - a +3 whip of flaming (weapon)
Missiles
 j - 3 javelins
 l - 8 curare-tipped darts
Armour
 a - a +0 robe (worn)
 h - a scarf of resistance (worn)
Wands
 k - a wand of flame (18)
Scrolls
 b - 2 scrolls of teleportation
 d - a scroll of blinking
 g - 2 scrolls of identify
 m - 5 scrolls of magic mapping
 n - 2 scrolls of remove curse
 q - a scroll of amnesia
 r - a scroll of fog
Potions
 c - a potion of might
 e - a potion of mutation
 i - 2 potions of degeneration {unknown}
 o - a potion of resistance {unknown}
 p - a potion of heal wounds {unknown}
 t - a potion of lignification {unknown}
 u - a potion of haste {unknown}


   Skills:
 + Level 1.0 Fighting
 + Level 0.2 Staves
 + Level 0.4 Throwing
 - Level 3.0 Dodging
 + Level 3.1 Stealth
 + Level 4.0 Spellcasting
 + Level 7.0 Conjurations
 + Level 3.0 Translocations
 + Level 1.1 Fire Magic
 + Level 0.3 Evocations


You had 4 spell levels left.
You knew the following spells:

 Your Spells              Type           Power        Failure   Level
a - Magic Dart            Conj           100%         1%          1
b - Searing Ray           Conj           86%          1%          2
c - Iskenderun's Mystic   Conj/Tloc      32%          10%         4
d - Blink                 Tloc           N/A          3%          2

Your spell library contained the following spells:

 Spells                   Type           Power        Failure   Level
 Conjure Flame            Conj/Fire      27%          4%          3
 Dazzling Flash           Conj/Hex       48%          5%          3
 Stone Arrow              Conj/Erth      48%          5%          3
 Sandblast                Erth           10%          8%          1
 Mephitic Cloud           Conj/Pois/Air  18%          9%          3
 Call Imp                 Summ           5%           12%         2
 Passwall                 Tmut/Erth      4%           12%         2
 Slow                     Hex            5%           12%         2
 Fulminant Prism          Conj/Hex       12%          19%         4
 Petrify                  Tmut/Erth      5%           61%         4
 Lee's Rapid Deconstruct  Erth           2%           91%         5


Dungeon Overview and Level Annotations

Branches:
Dungeon (5/15)
 Temple: D:4-7

Altars:
Fedhas
Uskayaw
Wu Jian

Shops:
D:4 ?**


Innate Abilities, Weirdness & Mutations

You have sharp toenails.
Your mind is acute. (Int +2)
Armour fits poorly on your strangely shaped body.
You are strong-willed. (Will+)


Message History

You start resting.
A centaur is nearby!
You start resting.
The centaur wields a +0 shortbow.
The centaur shoots an arrow.
The arrow closely misses you.
Casting: Searing Ray (safe; 1% risk of failure)
Confirm with . or Enter, or press ? or * to list all spells.
Aiming: Searing Ray (safe; 1% risk of failure)
Press: ? - help, Shift-Dir - straight line, f - centaur
Aim: a centaur, wielding a +0 shortbow and quivering 10 arrows (lightly wounded, 11% to evade)
The searing ray hits the centaur!
The centaur is heavily wounded. (Press . to maintain the ray.)
The centaur shoots an arrow.
The arrow hits you!
* * * LOW HITPOINT WARNING * * *
It was a potion of mutation.
You feel extremely strange.
You feel clever.
You feel strong-willed.
Your body twists and deforms.
Your toenails lengthen and sharpen.
The centaur shoots an arrow.
The arrow hits you!
You die...

<....# #####.#PP_P
.....## #......P.PcP
......### #......P.P
P ........#
#...c........
......#.#
####....########
........## #..c^##.#
.........####
###.#####.#
####..##....####...#
#.#
###...###.#....(@###
#.# ......#
#....##### .#
....#.###..#.#
....#......#.##
.....#.....#..#
.......#.#.##.#
.#.#...#.#..#.#
.......#.##.#.##
.#.###.#.##....####


You could see a centaur.

Vanquished Creatures
  An ice beast (D:5)
  A phantom (D:4)
  A scorpion (D:4)
  A howler monkey (D:4)
  A hound (D:3)
  2 worker ants (D:4)
  5 adders
  An ooze (D:5)
  An adder skeleton (D:5)
  2 worms
  A dart slug (D:1)
  2 orcs (D:5)
  A giant cockroach (D:4)
  4 goblins
  7 hobgoblins
  12 kobolds
  A quokka (D:3)
  A ball python (D:5)
  13 bats
  3 frilled lizards
  5 rats
66 creatures vanquished.

Notes
Turn   | Place    | Note
-------+----------+-------------------------------------------
     0 | D:1      | hawla the Deep Elf Conjurer began the quest for the Orb.
     0 | D:1      | Reached XP level 1. HP: 10/10 MP: 6/6
   268 | D:1      | Reached XP level 2. HP: 15/15 MP: 5/8
   271 | D:1      | Learned a level 2 spell: Searing Ray
  1231 | D:2      | Reached XP level 3. HP: 20/20 MP: 5/9
  1420 | D:2      | Reached skill level 1 in Translocations
  1732 | D:2      | Reached skill level 1 in Fire Magic
  2346 | D:3      | Found an ornate altar of the Wu Jian Council.
  2484 | D:3      | Reached skill level 1 in Fighting
  2484 | D:3      | Reached XP level 4. HP: 17/25 MP: 2/11
  2490 | D:3      | Learned a level 4 spell: Iskenderun's Mystic Blast
  2638 | D:3      | Found a hide-covered altar of Uskayaw.
  2638 | D:3      | Found a blossoming altar of Fedhas.
  2998 | D:3      | Reached skill level 5 in Conjurations
  3123 | D:3      | Learned a level 2 spell: Blink
  3256 | D:4      | Found Duntaod's General Store.
  3261 | D:4      | Bought a scroll of amnesia for 35 gold pieces
  3261 | D:4      | Bought a scroll of fog for 20 gold pieces
  3290 | D:4      | Noticed a phantom
  3296 | D:4      | Killed a phantom
  3297 | D:4      | Reached XP level 5. HP: 26/29 MP: 7/13
  3425 | D:4      | Reached skill level 6 in Conjurations
  3553 | D:4      | Reached XP level 6. HP: 34/34 MP: 2/14
  3849 | D:4      | Found Ponet's Magic Scroll Shoppe.
  4179 | D:4      | Found Wata Jym's General Store.
  4198 | D:4      | Bought a scroll of magic mapping for 49 gold pieces
  4340 | D:5      | Entered Level 5 of the Dungeon
  4359 | D:5      | Noticed an ice beast
  4365 | D:5      | Killed an ice beast
  4366 | D:5      | Reached skill level 7 in Conjurations
  4824 | D:5      | Found a blossoming altar of Fedhas.
  4909 | D:5      | Gained mutation: Your mind is acute. (Int +2) [potion of
                  | mutation]
  4909 | D:5      | Gained mutation: You are strong-willed. (Will+) [potion of
                  | mutation]
  4909 | D:5      | Gained mutation: Armour fits poorly on your strangely
                  | shaped body. [potion of mutation]
  4909 | D:5      | Gained mutation: You have sharp toenails. [potion of
                  | mutation]
  4909 | D:5      | Shot with an arrow by a centaur

Illustrated notes

Levels and vault maps discovered:
D:1:      dpeg_arrival_circle_labyrinth_c, layout_loops_ring
D:2:      layout_basic
D:3:      layout_loops_cross, minitemple, hangedman_decor_slide_cut
D:4:      layout_loops_corners, serial_shops, shop_fountains, shop, shop_coins,
          minivault_24
D:5:      layout_rooms, nicolae_overflow_quartered_altars, st_stairs_12,
          fedhas_bush_and_centaur_altar

Skill      XL: |  1  2  3  4  5  6 |
---------------+-------------------+-----
Stealth        | 3 |  3.1
Translocations | 1 2 3 |  3.0
Fire Magic     | 1 |  1.1
Fighting       | 1 |  1.0
Dodging        | 3 |  3.0
Spellcasting   | 4 |  4.0
Conjurations   | 5 6 7 |  7.0
Staves         | |  0.2
Throwing       | |  0.4
Evocations     | |  0.3

Action                   |  1- 3 |  4- 6 || total
-------------------------+-------+-------++-------
Melee: Unarmed           |     6 |       ||     6
       Whip              |       |     1 ||     1
 Cast: Magic Dart        |    31 |     9 ||    40
       Searing Ray       |    23 |    29 ||    52
       Blink             |       |     1 ||     1
       Iskenderun's Myst |       |     1 ||     1
  Use: Scroll            |     7 |     3 ||    10
       Potion            |       |     1 ||     1
Armor: Robe              |     2 |       ||     2
Dodge: Dodged            |    17 |     7 ||    24
